Map: Тритон РВ

Players

MikeHunt

  • Race: Terran Terran
  • League: Diamond
  • Spawn Location: 5:00

saccharose - Winner!

  • Race: Zerg Zerg
  • League: Diamond
  • Spawn Location: 11:00

VOD

Have the link to the VOD?

Description

Time

  • Played on: Jan. 13, 2020, 8:39 a.m.
  • Length: 11:39
Show
View Real Time Build Order
Export as new Build Order

MikeHunt Terran 

Build Orders: Reaper Expand 

Get SALT Encoding   

  12  0:00  SCV  
  13  0:13  SCV  
  14  0:17  Supply Depot  
  14  0:26  SCV  
  15  0:39  SCV  
  15  0:41  Barracks  
  16  0:45  Refinery  
  16  0:51  SCV  
  17  1:03  SCV  
  18  1:15  SCV  
  19  1:29  Reaper, Orbital Command  
  20  1:39  Command Center  
  20  1:54  SCV  
  20  2:01  Marine  
  22  2:05  Supply Depot  
  22  2:08  Factory  
  22  2:12  SCV  
  23  2:26  Refinery  
  23  2:27  SCV  
  24  2:39  SCV  
  24  3:00  SCV  
  24  3:03  Barracks Reactor  
  24  3:04  Hellion, Starport  
  24  3:05  Orbital Command  
  27  3:16  SCV  
  28  3:28  SCV  
  29  3:37  Bunker  
  29  3:40  Marine x2, Hellion  
  33  3:44  Starport Tech Lab  
  32  3:58  Marine x2  
  33  4:06  SCV x2  
  33  4:07  Banshee  
  37  4:15  Marine  
  37  4:16  Marine  
  39  4:17  Factory Tech Lab  
  39  4:42  Cloaking Field  
  39  4:50  Banshee  
  42  4:55  SCV x2  
  44  5:05  Bunker  
  44  5:07  Supply Depot, Command Center  
  44  5:09  SCV  
  44  5:10  SCV  
  46  5:25  Supply Depot  
  46  5:29  Hellion x2, SCV x2  
  52  5:41  SCV x2  
  54  5:46  Banshee  
  57  5:51  Hellion x2  
  57  5:53  SCV  
  62  5:59  Factory  
  62  6:00  Factory  
  62  6:19  SCV x2  
  62  6:22  Orbital Command  
  62  6:23  Factory  
  62  6:24  Factory  
  64  6:31  SCV x2  
  66  6:34  Refinery  
  66  6:42  Supply Depot  
  66  6:43  Supply Depot, SCV x2  
  66  6:44  Engineering Bay  
  66  6:45  Starport Reactor  
  65  6:48  Cyclone  
  66  6:57  Engineering Bay  
  67  7:01  Cyclone  
  67  7:05  SCV x3  
  70  7:11  Factory Tech Lab x2  
  70  7:15  Factory Reactor  
  68  7:16  Missile Turret  
  68  7:17  SCV  
  68  7:20  Missile Turret  
  68  7:21  Cyclone, Missile Turret  
  71  7:30  SCV x2  
  71  7:32  Refinery  
  71  7:35  SCV  
  74  7:42  SCV x2  
  76  7:47  SCV  
  77  7:53  Cyclone  
  77  7:54  SCV  
  77  7:55  SCV  
  82  7:59  SCV  
  82  8:01  Missile Turret  
  82  8:02  Cyclone  
  86  8:07  SCV x2  
  86  8:11  SCV  
  89  8:40  SCV  
  85  8:41  Cyclone  
  85  8:46  Supply Depot, SCV  
  85  8:47  Supply Depot  
  85  8:48  Orbital Command  
  85  8:49  Supply Depot  
  85  8:50  Supply Depot  
  85  8:58  Mag-Field Accelerator  
  85  9:03  Missile Turret x2  
  85  9:04  Missile Turret  
  85  9:05  Cyclone, Hellion, SCV x2  
  85  9:07  Cyclone  
  85  9:08  Hellion x2  
  99  9:11  Supply Depot  
  99  9:12  Supply Depot  
  100  9:17  SCV x2  
  103  9:33  SCV x2  
  103  9:35  Hellion  
  103  9:36  Hellion  
  104  9:46  Factory Tech Lab  
  104  9:49  Factory Tech Lab  
  98  9:55  Missile Turret  
  98  9:57  Missile Turret x2  
  98  9:58  Missile Turret  
  98  10:01  Missile Turret  
  98  10:02  Missile Turret  
  98  10:04  Missile Turret  
  98  10:06  Missile Turret  
  98  10:07  Missile Turret  
  98  10:09  SCV  
  98  10:10  SCV x2  
  98  10:11  Armory x2  
  100  10:24  SCV x3  
  103  10:30  Cyclone x3  
  103  10:31  Hellion x2  
  116  10:36  SCV  
  115  10:46  Hellion x2  
  112  10:52  Hellion  
  112  10:53  Hellion  
  106  11:02  Cyclone x2  
  97  11:14  Refinery  
  97  11:17  Refinery  
  97  11:19  Command Center  
Show
View Real Time Build Order
Export as new Build Order

saccharose Zerg - Winner!

Build Orders: Pool First, Muta Ling Bane 

Get SALT Encoding   

  12  0:01  Drone  
  13  0:12  Overlord  
  13  0:17  Drone  
  14  0:30  Drone  
  14  0:31  Drone  
  14  0:35  Drone  
  17  0:44  Spawning Pool  
  17  0:48  Drone  
  17  1:01  Drone  
  18  1:12  Hatchery  
  18  1:15  Extractor  
  18  1:17  Drone  
  17  1:19  Drone  
  18  1:32  Zergling x2  
  19  1:38  Queen  
  21  1:40  Drone  
  21  1:46  Roach Warren  
  21  1:52  Overlord  
  21  2:00  Drone  
  22  2:14  Queen  
  24  2:25  Queen  
  24  2:26  Roach  
  24  2:27  Roach  
  30  2:32  Roach  
  32  2:56  Drone x4, Overlord  
  35  2:58  Drone  
  36  3:14  Drone  
  36  3:15  Drone x3  
  36  3:16  Overlord  
  40  3:20  Lair  
  40  3:24  Drone  
  41  3:33  Drone x3  
  44  3:39  Drone x2  
  46  3:43  Drone x4  
  50  3:49  Extractor, Overlord  
  50  3:50  Extractor x2  
  47  3:58  Drone x2  
  49  4:09  Drone  
  50  4:14  Drone  
  51  4:19  Overlord x2  
  51  4:23  Drone x2, Spire  
  52  4:27  Overlord  
  52  4:34  Roach x2  
  52  4:37  Roach  
  52  4:38  Roach  
  54  4:42  Drone  
  57  4:53  Roach x2  
  57  4:56  Metabolic Boost  
  59  5:01  Baneling Nest  
  59  5:02  Evolution Chamber  
  59  5:03  Drone x2  
  59  5:05  Evolution Chamber  
  58  5:15  Drone  
  58  5:16  Drone, Overlord  
  60  5:37  Mutalisk x5  
  60  5:42  Spore Crawler  
  69  5:43  Spore Crawler  
  69  5:44  Hatchery, Overseer  
  69  5:47  Extractor  
  65  5:59  Zerg Ground Armor Level 1  
  65  6:01  Zerg Melee Weapons Level 1  
  66  6:04  Drone x3  
  66  6:06  Drone x4  
  72  6:22  Queen  
  74  6:36  Drone  
  74  6:37  Drone x6  
  81  6:40  Overlord x2  
  81  7:00  Drone x3  
  88  7:01  Roach x3  
  90  7:12  Mutalisk x2  
  90  7:13  Mutalisk x4  
  102  7:24  Extractor, Drone  
  102  7:25  Drone x2  
  102  7:28  Glial Reconstitution  
  104  7:34  Queen  
  104  7:37  Overlord x3  
  106  7:55  Infestation Pit, Zerg Missile Weapons Level 1  
  106  7:57  Centrifical Hooks  
  106  7:58  Zergling x12  
  106  7:59  Zergling x6  
  114  8:12  Zerg Flyer Weapons Level 1  
  111  8:32  Overseer  
  106  8:45  Baneling x4  
  106  8:46  Baneling x7  
  106  8:47  Drone x4  
  106  8:48  Drone x10  
  120  8:53  Pathogen Glands  
  120  8:57  Queen  
  122  9:04  Spore Crawler  
  122  9:05  Spine Crawler  
  122  9:06  Spine Crawler  
  122  9:07  Spine Crawler  
  122  9:08  Roach x3  
  122  9:09  Roach x3  
  130  9:10  Overlord  
  130  9:11  Overlord x3  
  128  9:47  Roach x14  
  128  9:49  Overlord x2  
  154  9:54  Hive  
  154  10:08  Ravager  
  154  10:09  Ravager x5  
  154  10:10  Baneling  
  154  10:11  Baneling  
  154  10:12  Extractor x2, Baneling  
  158  10:14  Hatchery  
  157  10:33  Overlord x4  
  157  10:35  Roach x6  
  162  11:11  Roach x12  
  185  11:13  Overlord  
Tags
 
Add a new tag
Caveats
  • Supply blocks, unpowered buildings, or Contaminate may cause inaccurate times.
  • Supply counts are checked every 10 seconds.